 Dungeon Crawl Stone Soup version 0.28.0 (webtiles) character file.

Game seed: 12412030197970558140

1146753 SnakkuSnakku7 the Bringer of Light (level 27, -7/139 HPs)
             Began as a Gargoyle Cinder Acolyte on Feb 8, 2022.
             Was the Champion of the Shining One.
             Killed from afar by an orb of fire (13 damage)
             ... with a bolt of fire
             ... on level 5 of the Realm of Zot on Feb 9, 2022.
             The game lasted 03:17:20 (79587 turns).

SnakkuSnakku7 the Bringer of Light (GrCA)          Turns: 79587, Time: 03:17:20

Health: -7/139     AC: 66    Str: 27    XL:     27
Magic:  30/38      EV: 10    Int: 13    God:    the Shining One [******]
Gold:   10277      SH: 17    Dex:  9    Spells: 57/67 levels left

rFire   + + .      SeeInvis +   a - +9 broad axe (elec)
rCold   + . .      Faith    .   T - +0 kite shield {reflect}
rNeg    + + +      Spirit   .   O - +6 gold dragon scales
rPois   ∞          Reflect  +   f - +0 helmet "Beshunky" {Regen+ Dex+2 Stlth+}
rElec   +          Harm     .   w - +2 cloak of the Thief {*Fog Slay-2 SInv Stlth+}
rCorr   .          Rampage  .   U - +0 pair of gloves of the Learner {rF+ rN+ Int-2}
Will    +++..                   v - +2 pair of boots {Stlth+}
Stlth   ..........              M - amulet of Accord {Will+ Regen+}
HPRegen 0.00/turn               n - +4 ring of protection
MPRegen 0.26/turn               t - ring of Jeich {Fly rN+ Str+7 Stlth+}

@: on berserk cooldown, flying, inhibited regen, slowed, glowing, studying 3
skills, unable to read, very slow
A: sickness immunity, AC +20, big wings, negative energy resistance 1,
electricity resistance, torment resistance 1, petrification resistance,
iridescent scales 1, clumsy 2, deformed body, deterioration 1, dopey 1, frail 3,
low MP 2, screaming 1, inhibited regeneration, weak 2, no potion heal 2, subdued
magic 1, inability to read while threatened
}: 13/15 runes: decaying, slimy, silver, obsidian, icy, bone, abyssal, demonic,
glowing, magical, fiery, dark, gossamer
a: Renounce Religion, Divine Shield, Cleansing Flame, Summon Divine Warrior


You were on level 5 of the Realm of Zot.
You worshipped the Shining One.
The Shining One was exalted by your worship.
You visited 16 branches of the dungeon, and saw 78 of its levels.
You visited Pandemonium 2 times, and saw 21 of its levels.
You visited the Abyss 2 times.
You visited 1 bazaar.
You also visited: Sewer, Ossuary, Bailey, Gauntlet, Wizlab and Desolation.

You collected 14439 gold pieces.
You spent 4162 gold pieces at shops.

Inventory:

Hand Weapons
 a - a +9 broad axe of electrocution (weapon)
 b - a +9 broad axe of holy wrath
Missiles
 x - 4 throwing nets
 L - 20 curare-tipped darts
Armour
 f - the +0 helmet "Beshunky" (worn) {Regen+ Dex+2 Stlth+}
   (You found it in Pandemonium)

   Dex:       It affects your dexterity (+2).
   Regen:     It increases your rate of health regeneration.
   Stlth:     It makes you more stealthy.
 v - a +2 pair of boots of stealth (worn)
 w - the +2 cloak of the Thief (worn) {*Fog Slay-2 SInv Stlth+}
   (You found it on level 5 of the Pits of Slime)

   It may release a thick cloud of smoke when the wearer is hurt.
   Slay:      It affects your accuracy & damage with ranged weapons and melee
   (-2).
   SInv:      It lets you see invisible.
   Stlth:     It makes you more stealthy.
 O - +6 gold dragon scales (worn)
 T - a +0 kite shield of reflection (worn)
 U - the +0 pair of gloves of the Learner (worn) {rF+ rN+ Int-2}
   (You found it on level 2 of the Spider Nest)

   Int:       It affects your intelligence (-2).
   rF:        It protects you from fire.
   rN:        It protects you from negative energy.
Jewellery
 l - the ring "Ucvor" {rF+ rN+ Will++}
   (You found it in Pandemonium)

   [ring of protection from fire]

   rF:        It protects you from fire.
   rN:        It protects you from negative energy.
   Will:      It greatly increases your willpower.
 n - a +4 ring of protection (left hand)
 t - the ring of Jeich (right hand) {Fly rN+ Str+7 Stlth+}
   (You took it off an ancient champion on level 3 of the Crypt)

   [ring of positive energy]

   Str:       It affects your strength (+7).
   rN:        It protects you from negative energy.
   Fly:       It grants you flight.
   Stlth:     It makes you more stealthy.
 H - a +4 ring of evasion
 J - an amulet of the acrobat
 M - the amulet of Accord (around neck) {Will+ Regen+}
   (You found it in a Gauntlet)

   [amulet of regeneration]

   Regen:     It increases your rate of health regeneration.
   Will:      It increases your willpower.
 V - a ring of resist corrosion
 X - the ring "Lonol" {rC+ Will+ Int+6 Dex+6}
   (You found it on level 5 of the Vaults)

   [ring of intelligence]

   Int:       It affects your intelligence (+6).
   Dex:       It affects your dexterity (+6).
   rC:        It protects you from cold.
   Will:      It increases your willpower.
Wands
 g - a wand of charming (9)
 q - a wand of paralysis (30)
 y - a wand of iceblast (40)
 B - a wand of flame (170)
 C - a wand of mindburst (16)
 E - a wand of polymorph (19)
 F - a wand of digging (17)
 R - a wand of acid (13)
Scrolls
 c - 16 scrolls of immolation
 d - 4 scrolls of fog
 h - 4 scrolls of summoning
 i - 22 scrolls of teleportation
 o - 4 scrolls of silence
 r - a scroll of blinking
 z - a scroll of enchant armour
 A - 9 scrolls of fear
 G - 7 scrolls of magic mapping
 I - a scroll of holy word
Potions
 e - 8 potions of heal wounds
 k - 28 potions of curing
 m - 6 potions of ambrosia
 p - 14 potions of might
 s - 12 potions of attraction
 u - 11 potions of brilliance
 D - 10 potions of magic
 N - 4 potions of resistance
 Q - 7 potions of haste
 S - 10 potions of cancellation
Miscellaneous
 K - a lightning rod (4/4)
 P - a tin of tremorstones (2/2)


   Skills:
 O Level 27 Fighting
 - Level 20.1 Axes
 O Level 27 Armour
 - Level 10.0 Dodging
 O Level 27 Shields
 + Level 20.5 Spellcasting
 - Level 8.8 Summonings
 - Level 10.0 Translocations
 - Level 3.0 Fire Magic
 - Level 15.0 Earth Magic
 O Level 27 Invocations
 - Level 10.0 Evocations


You had 57 spell levels left.
You knew the following spells:

 Your Spells              Type           Power      Damage    Failure   Level
a - Blink                 Tloc           60%        N/A       1%          2
b - Swiftness             Air            10%        N/A       52%         3
c - Animate Armour        Summ/Erth      68%        N/A       1%          4
d - Apportation           Tloc           60%        N/A       1%          1

Your spell library contained the following spells:

 Spells                   Type           Power      Damage    Failure   Level
 Sandblast                Erth           80%        2d17      1%          1
 Summon Small Mammal      Summ           100%       N/A       1%          1
 Call Imp                 Summ           27%        N/A       1%          2
 Passwall                 Tmut/Erth      20%        N/A       1%          2
 Call Canine Familiar     Summ           27%        N/A       1%          3
 Gell's Gravitas          Tloc           30%        N/A       1%          3
 Lesser Beckoning         Tloc           30%        N/A       1%          3
 Teleport Other           Tloc           30%        N/A       1%          3
 Lee's Rapid Deconstruct  Erth           20%        3d13*     1%          5
 Stone Arrow              Conj/Erth      50%        3d10      2%          3
 Passage of Golubria      Tloc           30%        N/A       2%          4
 Portal Projectile        Hex/Tloc       40%        N/A       7%          3
 Scorch                   Fire           32%        2d6       9%          2
 Leda's Liquefaction      Hex/Erth       12%        N/A       9%          4
 Petrify                  Tmut/Erth      25%        N/A       9%          4
 Manifold Assault         Tloc           30%        N/A       9%          5
 Summon Guardian Golem    Hex/Summ       19%        N/A       10%         3
 Foxfire                  Conj/Fire      52%        2x1d6     11%         1
 Summon Forest            Summ/Tloc      14%        N/A       12%         5
 Animate Skeleton         Necr           20%        N/A       21%         1
 Beastly Appendage        Tmut           20%        N/A       21%         1
 Freeze                   Ice            40%        1d6       21%         1
 Magic Dart               Conj           40%        1d5       21%         1
 Pain                     Necr           40%        1d6       21%         1
 Shock                    Conj/Air       40%        1d5       21%         1
 Slow                     Hex            40%        N/A       21%         1
 Sting                    Tmut/Pois      40%        1d5       21%         1
 Iskenderun's Mystic Bla  Conj/Tloc      20%        2d6       26%         4
 Borgnjor's Vile Clutch   Necr/Erth      12%        N/A       26%         5
 Corpse Rot               Necr/Air       20%        N/A       30%         2
 Ensorcelled Hibernation  Hex/Ice        20%        N/A       30%         2
 Searing Ray              Conj           20%        2d5       30%         2
 Static Discharge         Conj/Air       10%        N/A       30%         2
 Wereblood                Tmut           10%        N/A       30%         2
 Conjure Flame            Conj/Fire      13%        6-21      32%         3
 Inner Flame              Hex/Fire       13%        N/A       32%         3
 Summon Ice Beast         Ice/Summ       19%        N/A       32%         4
 Summon Lightning Spire   Summ/Air       19%        N/A       32%         4
 Ignite Poison            Fire/Tmut/Pois 12%        N/A       38%         3
 Dispersal                Tloc           15%        N/A       47%         6
 Confusing Touch          Hex            10%        N/A       52%         3
 Dazzling Flash           Conj/Hex       20%        N/A       52%         3
 Frozen Ramparts          Ice            20%        1d4       52%         3
 Mephitic Cloud           Conj/Pois/Air  10%        N/A       52%         3
 Ozocubu's Armour         Ice            10%        N/A       52%         3
 Spider Form              Tmut/Pois      10%        N/A       52%         3
 Tukima's Dance           Hex            10%        N/A       52%         3
 Vampiric Draining        Necr           10%        2d6       52%         3
 Summon Cactus Giant      Summ           13%        N/A       63%         6
 Summon Mana Viper        Hex/Summ       19%        N/A       67%         5
 Flame Wave               Conj/Fire      13%        2d6       73%         4
 Sticky Flame             Conj/Fire      13%        2d4       73%         4
 Iron Shot                Conj/Erth      12%        9d3       83%         6
 Airstrike                Air            5%         N/A       91%         4
 Anguish                  Hex/Necr       5%         N/A       91%         4
 Animate Dead             Necr           5%         N/A       91%         4
 Cause Fear               Hex            5%         N/A       91%         4
 Dispel Undead            Necr           10%        3d9       91%         4
 Fulminant Prism          Conj/Hex       5%         3d7       91%         4
 Hailstorm                Conj/Ice       10%        3d5       91%         4
 Ice Form                 Ice/Tmut       10%        N/A       91%         4
 Olgreb's Toxic Radiance  Pois           10%        N/A       91%         4
 Fireball                 Conj/Fire      6%         3d5       97%         5
 Malign Gateway           Summ/Tloc      14%        N/A       98%         7
 Agony                    Necr           10%        N/A       99%         5
 Alistair's Intoxication  Tmut/Pois      6%         N/A       99%         5
 Blade Hands              Tmut           5%         N/A       99%         5
 Freezing Cloud           Conj/Ice/Air   5%         6-21      99%         5
 Irradiate                Conj/Tmut      5%         3d15      99%         5
 Iskenderun's Battlesphe  Conj           10%        2d6       99%         5
 Lightning Bolt           Conj/Air       5%         1d17      99%         5
 Silence                  Hex/Air        5%         N/A       99%         5
 Yara's Violent Unravell  Hex/Tmut       5%         3d4       99%         5
 Summon Hydra             Summ           13%        N/A       99%         7
 Conjure Ball Lightning   Conj/Air       5%         3x3d6     100%        6
 Death Channel            Necr           5%         N/A       100%        6
 Eringya's Noxious Bog    Tmut/Pois      5%         N/A       100%        6
 Simulacrum               Ice/Necr       5%         N/A       100%        6
 Starburst                Conj/Fire      6%         6d4       100%        6
 Dragon Form              Tmut           5%         N/A       100%        7
 Enfeeble                 Hex            5%         N/A       100%        7
 Haunt                    Necr/Summ      9%         N/A       100%        7
 Orb of Destruction       Conj           5%         9d5       100%        7
 Ozocubu's Refrigeration  Ice            5%         4d6       100%        7
 Spellforged Servitor     Conj/Summ      9%         N/A       100%        7
 Storm Form               Tmut/Air       5%         N/A       100%        7
 Disjunction              Tloc           15%        N/A       100%        8
 Ignition                 Fire           8%         3d5       100%        8
 Infestation              Necr           5%         N/A       100%        8
 Lehudib's Crystal Spear  Conj/Erth      12%        10d4      100%        8
 Maxwell's Capacitive Co  Air            5%         ∞         100%        8
 Necromutation            Tmut/Necr      5%         N/A       100%        8
 Chain Lightning          Conj/Air       5%         3d6       100%        9
 Dragon's Call            Summ           13%        N/A       100%        9
 Fire Storm               Conj/Fire      6%         8d2       100%        9
 Polar Vortex             Ice            5%         N/A       100%        9
 Sublimation of Blood     Necr           Unusable   N/A       N/A         2
 Statue Form              Tmut/Erth      Unusable   N/A       N/A         6

Dungeon Overview and Level Annotations

Branches:
Dungeon (15/15)            Temple (1/1) D:7            Lair (6/6) D:10
  Swamp (4/4) Lair:4       Spider (4/4) Lair:4        Slime (5/5) Lair:6
    Orc (2/2) D:12            Elf (3/3) Orc:2        Vaults (5/5) D:14
  Crypt (3/3) Vaults:3       Tomb (0/3) Crypt:3      Depths (4/4) D:15
   Hell (visited)             Dis (0/7) Hell            Geh (7/7) Hell
    Coc (7/7) Hell            Tar (7/7) Hell            Zot (5/5) Depths:4
  Sewer (visited)         Ossuary (visited)          Bailey (visited)
 WizLab (visited)         Desolation (visited)      Gauntlet (visited)

Altars:
Ashenzari
Cheibriados
Dithmenos
Elyvilon
Fedhas
Gozag
Hepliaklqana
Kikubaaqudgha
Makhleb
Nemelex Xobeh
Okawaru
Ru
Sif Muna
Trog
Uskayaw
Vehumet
Wu Jian
Xom
Yredelemnul
Zin
The Shining One
Beogh
Jiyva
Lugonu

Shops:
D:2 *   D:6 [   Orc:2 [!*(?   Elf:1 !(:   Vaults:1 !**   Vaults:4 [
Vaults:5 :?!   Depths:3 [=:=

Portals:
Hell: Depths:1 Depths:2 Depths:3 Depths:4
Abyss: Depths:1 Depths:3
Pandemonium: Depths:2
Ziggurat: Depths:2
Trove: Depths:1 (give +3 storm dragon scales)

Annotations:
Zot:1 8 runed translucent doors


Innate Abilities, Weirdness & Mutations

You are immune to sickness and miasma.
Your stone body is resilient. (AC +20)
You are immune to poison.
Your large and strong wings let you fly.
You resist negative energy. (rN+)
You are resistant to electric shocks. (rElec)
You are resistant to unholy torment.
You are immune to petrification.
You are partially covered in iridescent scales. (AC +2)
You are very clumsy. (Dex -4)
Armour fits poorly on your strangely shaped body.
Your body sometimes deteriorates upon taking damage.
You are dopey. (Int -2)
You are extremely frail. (-30% HP)
Your magical capacity is very low. (-20% MP)
You occasionally shout uncontrollably at your foes.
You do not regenerate when monsters are visible.
You are very weak. (Str -4)
Potions cannot restore your health.
Your spells are a little easier to cast, but a little less powerful.
You sometimes lose the ability to read scrolls when taking damage.


Message History

You feel the urge to shout.
You slice the orb of fire!!
The orb of fire is almost destroyed.
You hear a shout!
You barely miss the orb of fire.
The orb of fire is almost destroyed.
You slash the orb of fire!
The orb of fire is almost destroyed.
You slash the orb of fire!
You destroy the orb of fire!
An orb of fire comes into view.
You slice the orb of fire!!
The orb of fire is moderately damaged.
The orb of fire glows bright magenta.
Strange energies course through your body.
Your body twists and deforms.
You completely miss the orb of fire.
The orb of fire is moderately damaged.
The orb of fire glows yellow.
Strange energies course through your body.
Your system completely rejects the healing effects of potions.
You slash the orb of fire!
The orb of fire is moderately damaged.
You hit the orb of fire but do no damage.
The orb of fire is moderately damaged.
You are no longer berserk.
You are exhausted.
You feel yourself slow down.
You slash the orb of fire!
The orb of fire is moderately damaged.
The orb of fire glows bright magenta.
The bolt of fire hits you!! You resist.
You feel threatened and lose the ability to read scrolls!
* * * LOW HITPOINT WARNING * * *
Okay, then.
You cannot read scrolls in your current state!
You are momentarily dazzled by a brilliant light.
The orb of fire emits a lurid red light.
The bolt of fire hits you! You resist.
You die...

#...##.#.......## #....#
#...
.....#..........###....#
######
###....#.#.#.#.#......##
#....#
#.)...............⌠.#
#....#
#.).................#
#....#
###.).................####
#....#
.).))###########.####....#
##.... ....## ##*###....#
#.... ..### #@#§......#
#.... ..# #A###.#....#
#.... ###
########.########▓▓▓▓#
#...............#
#.............#
#.............#
##...........##
#.X.D..^....#
##*..........##


You could see an orb of fire (ally target) and a friendly angel (summoned).

Vanquished Creatures
  Cerebov (Pan)
  Antaeus (Coc:7)
  Asmodeus (Geh:7)
  the Royal Jelly (Slime:5)
  Dissolution (Slime:3)
  Ereshkigal (Tar:7)
  the Serpent of Hell (Coc:7)
  Mnoleg (Pan)
  Lom Lobon (Pan)
  6 dread liches
  4 orbs of fire
  3 ancient liches (Tar:2)
  The ghost of Jiorhin the Wrestler, a legendary TrBe of Trog (Zot:2)
  5 juggernauts
  Mennas (Vaults:3)
  Sojobo (Vaults:4)
  Boris (Depths:3)
  Bai Suzhen (Vaults:2)
  The ghost of rgbqcd the Executioner, a veteran MiBe of Trog (Vaults:1)
  2 curse toes
  26 shard shrikes
  6 caustic shrikes
  Margery (Crypt:1)
  5 Killer Klowns (Zot:1)
  Xtahua (Vaults:4)
  Geryon (Hell)
  Jory (Vaults:4)
  7 golden dragons
  The ghost of agentgt the Warrior, a veteran KoAK of Lugonu (Vaults:1)
  5 profane servitors
  The ghost of Droegar the Slayer, an adept MiBe of Trog (Vaults:1)
  32 bone dragons
  13 Brimstone Fiends
  24 Tzitzimimeh
  4 iron giants (Tar:5)
  An electric golem (Zot:2)
  9 hellephants
  7 pandemonium lords (Pan)
  5 doom hounds
  Rupert (Orc:2)
  The ghost of freelancePsychic the Phalangite, an adept MfFE of Hepliaklqana (Vaults:1)
  A shard shrike zombie (Tar:7)
  A spectral shard shrike (Tar:6)
  26 tentacled monstrosities
  4 Hell Sentinels
  A walking crystal tome (Depths:3)
  13 tainted leviathans
  18 searing wretches
  15 Ice Fiends
  36 titans
  8 quicksilver dragons
  10 liches
  A shard shrike skeleton (Crypt:2)
  A walking divine tome (Depths:2)
  8 Orb Guardians (Zot:5)
  4 deep elf master archers
  9 death cobs
  5 deep elf blademasters
  17 acid blobs
  21 ancient champions
  Frances (Swamp:1)
  10 sphinxes
  17 Executioners (Pan)
  The ghost of Forgeling the Bewitcher, an adept FeEn of Dithmenos (Vaults:3)
  2 thorn hunters (Swamp:4)
  14 tentacled starspawn
  24 storm dragons
  Donald (Vaults:2)
  5 tengu reavers
  5 draconian monks
  11 shadow dragons
  A daeva (Depths:2)
  4 revenants
  6 demonspawn warmongers (Pan)
  9 azure jellies
  4 draconian knights
  5 nagarajas
  23 fire giants
  Roxanne (Swamp:4)
  3 draconian scorchers
  4 iron dragons
  10 deep elf sorcerers
  18 rockslimes
  18 narguns
  36 balrugs
  19 frost giants
  11 vault wardens
  Aizul (Depths:1)
  10 curse skulls
  An imperial myrmidon (Desolation)
  7 shard shrike simulacra
  17 cacodemons
  2 draconian stormcallers
  An orc warlord (Vaults:4)
  8 emperor scorpions
  2 deep elf elementalists
  A juggernaut zombie (Hell)
  Louise (Spider:1)
  22 ghost moths
  An angel (Depths:2)
  2 spectral caustic shrikes (Tar:4)
  3 caustic shrike zombies (Hell)
  7 demonspawn corrupters
  37 very ugly things
  5 draconian annihilators
  5 war gargoyles
  11 quicksilver oozes
  13 ironbound preservers
  9 ghouls
  A caustic shrike skeleton (Tar:7)
  A quicksilver ooze (shapeshifter) (Vaults:4)
  4 draconian shifters
  15 stone giants
  2 spriggan defenders (Depths:1)
  2 demonspawn blood saints (Pan)
  4 broodmothers
  9 ironbound thunderhulks
  5 eleionomae
  6 demonspawn black suns (Pan)
  13 reapers
  26 elemental wellsprings
  21 putrid mouths
  11 deep elf annihilators
  5 deep elf demonologists
  8 green draconians
  7 white draconians
  14 dire elephants
  Nessos (D:12)
  8 purple draconians
  A spectral titan (Tar:1)
  9 black draconians
  4 bunyips
  3 entropy weavers
  5 spark wasps
  10 vampire knights
  8 red draconians
  13 lorocyprocas
  6 yellow draconians
  17 wendigos
  A spectral quicksilver dragon (Tar:4)
  7 deep elf death magi
  12 eidola
  A minotaur (Gauntlet)
  13 green deaths (Pan)
  5 crystal guardians
  12 ettins
  2 iron golems
  4 shambling mangroves
  9 blizzard demons
  15 fire dragons
  13 jiangshi
  8 ragged hierophants (Desolation)
  2 spectral spriggans (Tar:4)
  6 deep elf high priests
  The ghost of Guaramm the Nimble, a journeyman KoBr of Trog (D:11)
  7 yaktaur captains
  4 spriggan zombies
  11 ice dragons
  7 rakshasas
  14 hydras
  A kraken zombie (Hell)
  30 vault guards
  A spectral shadow dragon (Tar:1)
  Fannar (D:12)
  11 great orbs of eyes
  3 jorogumos
  A quicksilver dragon skeleton (Crypt:2)
  10 servants of whispers (Desolation)
  6 peacekeepers
  A salamander tyrant (Geh:1)
  An ogre mage (Vaults:5)
  4 hell beasts
  2 naga warriors
  5 caustic shrike simulacra
  7 ironbound frosthearts
  6 spriggan air magi
  6 boulder beetles
  2 spriggan skeletons
  18 starcursed masses
  3 ghost crabs
  10 juggernaut simulacra
  4 radroaches
  An anaconda (shapeshifter) (Depths:2)
  7 centaur warriors
  A catoblepas (D:13)
  An anaconda (WizLab)
  2 two-headed ogres
  10 alligators
  3 death knights
  3 satyrs
  4 deep troll shamans
  4 stokers
  29 dancing weapons
  22 thrashing horrors
  38 hell hogs
  2 merfolk aquamancers (WizLab)
  9 tengu warriors
  24 hell knights
  3 spectral nagas
  5 vampire magi
  12 deep troll earth magi
  5 orc high priests (Orc:2)
  3 shock serpents (Pan)
  Urug (D:12)
  61 sun demons
  4 titan zombies
  8 spriggan berserkers
  The ghost of Acetwo5 the Basher, a novice MiFi (D:8)
  2 spectral dire elephants
  19 deep elf knights
  13 wretched stars
  9 spriggans
  31 soul eaters
  A salamander mystic (Depths:3)
  43 shadow wraiths
  A fire crab (Lair:4)
  A golden dragon zombie (Hell)
  21 sixfirhies
  4 goliath frogs
  7 pharaoh ants
  5 quicksilver dragon simulacra
  3 flayed ghosts
  An iron giant zombie (Crypt:2)
  21 skeletal warriors
  15 steelbarb worms
  52 deep trolls
  2 spatial maelstroms
  11 iron trolls
  2 anaconda zombies
  A cherub (Abyss:1)
  11 swamp dragons
  7 bog bodies
  A kraken simulacrum (Hell)
  5 spriggan druids
  10 glowing orange brains
  6 orb spiders
  23 ironbound convokers
  15 wizards
  2 spectral anacondas
  10 deep elf archers
  9 shadow demons (Pan)
  2 bunyip skeletons
  An obsidian statue (Lair:1)
  A spectral iron dragon (Tar:2)
  A fenstrider witch simulacrum (Coc:2)
  4 spectral hydras (Swamp:4)
  14 necromancers
  11 harpies
  14 phantasmal warriors
  13 orc knights
  21 deep elf zephyrmancers
  8 lindwurms
  3 frost giant zombies (Hell)
  3 oklob plants (Swamp:4)
  3 cyclopes
  A stone giant zombie (Depths:1)
  3 will-o-the-wisps
  31 ugly things
  24 deep elf pyromancers
  A shadow dragon skeleton (Crypt:2)
  17 wolf spiders
  3 orc sorcerers
  6 salamanders
  6 shining eyes
  A sphinx skeleton (Depths:1)
  33 moths of wrath
  An iron dragon zombie (Tar:7)
  4 manticores
  3 elephants (Lair:4)
  A salamander (shapeshifter) (Elf:1)
  A water nymph (shapeshifter) (Depths:3)
  9 guardian serpents
  5 black mambas
  Joseph (D:8)
  A spectral centaur (Tar:1)
  A dire elephant zombie (Crypt:2)
  A water nymph (Abyss:3)
  10 worldbinders
  7 rust devils
  2 eyes of devastation
  20 vault sentinels
  A human skeleton (Crypt:1)
  7 apocalypse crabs
  An alligator snapping turtle zombie (Crypt:3)
  5 torpor snails
  20 orange demons
  A black mamba (shapeshifter) (Vaults:5)
  39 smoke demons
  2 naga magi
  2 ice statues (Coc:7)
  5 molten gargoyles
  A grey draconian zombie (Crypt:3)
  2 titan simulacra
  2 gargoyles
  13 hellions
  Psyche (D:10)
  11 cane toads
  6 efreet
  14 yaktaurs
  4 rime drakes
  20 demonic crawlers
  A komodo dragon (shapeshifter) (Vaults:5)
  22 tormentors
  7 komodo dragons
  A bunyip simulacrum (Coc:1)
  2 naga skeletons
  8 tengu conjurers
  4 kobold demonologists
  10 freezing wraiths
  A golden dragon simulacrum (Coc:6)
  3 iron giant simulacra
  6 guardian mummies (Zot:1)
  A red draconian skeleton (Crypt:3)
  An alligator snapping turtle skeleton (Crypt:1)
  8 ice devils (Hell)
  5 anaconda simulacra
  2 spectral harpies
  A death drake zombie (Swamp:4)
  4 red devils (Pan)
  A white draconian skeleton (Crypt:1)
  15 hellwings
  3 hydra zombies
  9 ancient zymes
  A shadow dragon simulacrum (Coc:1)
  8 tyrant leeches
  2 harpy zombies (Abyss:5)
  A polar bear (Lair:4)
  18 hornets
  A wind drake (shapeshifter) (D:14)
  15 meliai
  A wind drake (Pan)
  A tarantella (shapeshifter) (Vaults:5)
  Grinder (D:3)
  9 trolls
  2 silent spectres
  3 hydra skeletons (Swamp:4)
  63 saltlings (Desolation)
  Prince Ribbit (D:6)
  3 harpy skeletons
  A dream sheep (shapeshifter) (Vaults:4)
  132 slime creatures
  17 tarantellas
  2 raiju
  18 blink frogs
  2 iron dragon simulacra
  A meliai zombie (Crypt:3)
  A fire dragon skeleton (Hell)
  28 flying skulls
  Sigmund (D:6)
  2 air elementals (Elf:1)
  26 jumping spiders
  2 centaur simulacra
  An ettin skeleton (Tar:7)
  A vampire (Abyss:3)
  A shadow (D:13)
  4 wyverns
  17 culicivoras
  5 stone giant simulacra
  53 large abominations
  19 yaks
  Eustachio (D:5)
  11 water elementals
  12 wraiths
  A yak (shapeshifter) (Spider:4)
  20 ynoxinuls
  A black mamba skeleton (Crypt:1)
  10 dire elephant simulacra
  13 fire elementals
  19 golden eyes
  13 basilisks
  4 fire bats (Abyss:5)
  30 chaos spawn
  24 vampire mosquitoes
  33 neqoxecs
  38 redbacks
  Menkaure (D:5)
  A sea snake simulacrum (Hell)
  2 wargs (Orc:1)
  14 harpy simulacra
  A spatial vortex (Abyss:1)
  2 steam dragons (Lair:6)
  A demonspawn zombie (Crypt:3)
  2 nagas
  16 water moccasins
  16 swamp worms
  Duvessa (D:5)
  3 hydra simulacra
  4 acid dragons
  12 hell hounds
  A floating eye (shapeshifter) (Depths:2)
  2 ice beasts
  2 floating eyes
  46 orc warriors
  4 ettin simulacra
  5 swamp drakes
  2 sky beasts
  4 swamp dragon zombies (Swamp:4)
  4 necrophages
  2 black bears
  10 wolves
  21 centaurs
  9 ogres
  A hog skeleton (Crypt:3)
  10 kobold brigands
  Blork the orc (D:5)
  2 earth elementals
  7 bullfrogs
  3 naga simulacra
  7 gnoll sergeants
  3 scorpions
  A yaktaur skeleton (Crypt:1)
  A wyvern skeleton (D:3)
  A hornet simulacrum (D:8)
  A shapeshifter zombie (Crypt:1)
  Dowan (D:5)
  A tengu zombie (Hell)
  A warg skeleton (Crypt:3)
  12 wights
  2 killer bees
  A swamp dragon simulacrum (Coc:2)
  19 small abominations
  3 howler monkeys (D:9)
  10 electric eels
  5 lava snakes (Lair:6)
  5 crimson imps (Abyss:5)
  A quasit (Abyss:4)
  3 hounds
  A wolf skeleton (Crypt:1)
  4 centaur zombies
  13 jellies
  33 orc priests
  Crazy Yiuf (D:7)
  2 iron imps
  3 centaur skeletons
  4 iguanas
  Jessica (D:2)
  A black bear skeleton (Crypt:2)
  23 orc wizards
  16 hell rats
  A killer bee zombie (D:7)
  2 tengu skeletons
  A hound zombie (D:5)
  4 hound skeletons
  A killer bee simulacrum (D:8)
  A mummy (Ossuary)
  9 gnolls
  2 howler monkey zombies
  A howler monkey skeleton (D:6)
  4 adders
  7 river rats
  2 shadow imps
  A howler monkey simulacrum (D:8)
  7 white imps
  2 ufetubi
  A worm (D:5)
  2 dart slugs
  92 orcs
  6 ball pythons
  A bat zombie (Crypt:2)
  9 endoplasms
  9 giant cockroaches
  5 goblins
  6 hobgoblins
  4 jackals (D:1)
  32 kobolds
  8 frilled lizards
  A frilled lizard skeleton (Crypt:1)
  5 gnoll skeletons (Ossuary)
  A goblin skeleton (Crypt:2)
  6 kobold skeletons
  15 orc skeletons (Ossuary)
  10 rats
  A river rat skeleton (Crypt:3)
  2 river rat zombies (Crypt:2)
  A spectral kobold (D:10)
  A block of ice (Pan)
  2 briar patches (Swamp:4)
  3 butterflies (Zot:1)
  2 creeping infernos
  12 fire vortices
  A lurking horror (Abyss:4)
  10 starspawn tentacles
  2 tentacles (Hell)
3913 creatures vanquished.

Vanquished Creatures (collateral kills)
  A dread lich (Tar:7)
  A Tzitzimitl (Tar:7)
  A Brimstone Fiend (Pan)
  A titan (Pan)
  An Executioner (Pan)
  3 demonspawn warmongers (Pan)
  5 sun demons (Pan)
  An efreet (Pan)
  A ball lightning (Pan)
15 creatures vanquished.

Vanquished Creatures (others)
  Gloorx Vloq (Pan)
  A shard shrike (Coc:6)
  A fire giant (Geh:7)
  A nargun (Coc:2)
  2 cacodemons (Pan)
  A demonspawn blood saint (Pan)
  2 elemental wellsprings
  A white draconian (Zot:5)
  A lorocyproca (Pan)
  A green death (Pan)
  An ettin (Depths:4)
  A fire dragon (Depths:1)
  2 juggernaut simulacra
  A servant of whispers (Desolation)
  A hell knight (Hell)
  2 sun demons
  A deep elf zephyrmancer (Elf:2)
  A worldbinder (Abyss:3)
  A vault sentinel (Vaults:5)
  A smoke demon (Pan)
  A demonic crawler (Spider:4)
  A hellion (Coc:4)
  A bunyip simulacrum (Coc:2)
  2 anaconda simulacra
  2 bloated husks
  2 stone giant simulacra
  A dire elephant simulacrum (Coc:7)
  A naga simulacrum (Coc:6)
  A ynoxinul (Pan)
  2 chaos spawn (Pan)
  A harpy simulacrum (Coc:5)
  A vampire mosquito (Swamp:1)
  A hell hound (Hell)
  A hell rat (Hell)
  11 ball lightnings (Pan)
  A block of ice (Pan)
  A creeping inferno (Hell)
  8 fire vortices
  28 foxfires
  14 fungi
  A lurking horror (Abyss:5)
  85 plants
  34 starspawn tentacles
  9 tentacles (Hell)
  3 withered plants (Desolation)
237 creatures vanquished.

Grand Total: 4165 creatures vanquished

Notes
Turn   | Place    | Note
-------+----------+-------------------------------------------
     0 | D:1      | SnakkuSnakku7 the Gargoyle Cinder Acolyte began the quest
                  | for the Orb.
     0 | D:1      | Reached XP level 1. HP: 14/14 MP: 2/2
   115 | D:1      | Reached XP level 2. HP: 13/19 MP: 3/3
   426 | D:1      | Found a faded altar of an unknown god.
   544 | D:1      | Found a white marble altar of Elyvilon.
   807 | D:2      | Reached XP level 3. HP: 19/23 MP: 4/4
   959 | D:2      | Found Onadaede's Assorted Antiques.
   967 | D:2      | Bought an amethyst potion for 23 gold pieces
   980 | D:2      | Noticed Jessica
  1014 | D:2      | Killed Jessica
  1355 | D:2      | Reached XP level 4. HP: 28/28 MP: 5/5
  1414 | D:3      | Noticed Grinder
  1419 | D:3      | Paralysed by Grinder for 4 turns
  1453 | D:3      | Killed Grinder
  1454 | D:3      | Reached XP level 5. HP: 18/32 MP: 6/6
  1454 | D:3      | Reached XP level 6. HP: 21/37 MP: 7/7
  2329 | D:3      | Found a sparkling altar of Nemelex Xobeh.
  2595 | D:2      | Bought a scroll labelled ZUUPIM XANK for 26 gold pieces
  3388 | D:4      | Reached XP level 7. HP: 38/41 MP: 8/8
  3938 | D:5      | Entered Level 5 of the Dungeon
  4151 | D:5      | Noticed Eustachio
  4281 | D:5      | Found a glowing drain.
  4303 | Sewer    | Entered a sewer
  4695 | Sewer    | Reached XP level 8. HP: 33/46 MP: 9/9
  4944 | Sewer    | Found a shimmering altar of Xom.
  5054 | D:5      | Noticed Menkaure
  5064 | D:5      | Killed Menkaure
  5254 | D:5      | Killed Eustachio
  5262 | D:5      | Noticed Dowan
  5277 | D:5      | Reached skill level 10 in Axes
  5282 | D:5      | Killed Dowan
  5298 | D:5      | Noticed Duvessa
  5323 | D:5      | Killed Duvessa
  5324 | D:5      | Reached XP level 9. HP: 29/51 MP: 10/10
  6215 | D:6      | Noticed Blork the orc
  6230 | D:6      | Noticed a kobold demonologist
  6233 | D:6      | Noticed a kobold demonologist
  6237 | D:5      | Killed Blork the orc
  6612 | D:6      | Noticed Prince Ribbit
  6632 | D:6      | Killed Prince Ribbit
  6647 | D:6      | Found a sand-covered staircase.
  6700 | Ossuary  | Entered an ossuary
  6927 | Ossuary  | Identified a scroll of acquirement
  6927 | Ossuary  | Acquired 900 gold pieces
  6952 | D:6      | Noticed a kobold demonologist
  7071 | D:6      | Found a blossoming altar of Fedhas.
  7161 | D:6      | Noticed Sigmund
  7180 | D:6      | Killed Sigmund
  7253 | D:2      | Bought a dazzling chain mail for 247 gold pieces
  7253 | D:2      | Identified the +8 chain mail of Existentialism {Will+ Int-2
                  | Stlth+} (You bought it in a shop on level 2 of the Dungeon)
  7488 | D:6      | Noticed an orange demon
  7553 | D:6      | Killed a kobold demonologist
  7554 | D:6      | Reached XP level 10. HP: 56/56 MP: 11/11
  7558 | D:6      | Killed a kobold demonologist
  7569 | D:6      | Killed a kobold demonologist
  7874 | D:6      | Found Uthoadd's Antique Armour Shoppe.
  7882 | D:6      | Bought a pair of gloves for 112 gold pieces
  8032 | D:7      | Found a shimmering blue altar of Sif Muna.
  8421 | D:7      | Found a runed translucent door.
  8422 | D:7      | Noticed Crazy Yiuf
  8495 | D:7      | Found a basalt altar of Yredelemnul.
  8534 | D:7      | Found a staircase to the Ecumenical Temple.
  8825 | D:7      | Killed Crazy Yiuf
  8889 | D:8      | Found a flagged portal.
  8946 | D:8      | Noticed Acetwo5's ghost (novice MiFi)
  8990 | Bailey   | Entered a bailey
  9011 | Bailey   | Noticed an orc knight
  9353 | Bailey   | Killed an orc knight
  9354 | Bailey   | Reached skill level 5 in Fighting
  9534 | Bailey   | Identified the +2 chain mail "Nomegraf" {Str+2}
  9757 | D:8      | Noticed a manticore
  9767 | D:8      | Killed a manticore
  9768 | D:8      | Reached XP level 11. HP: 68/68 MP: 12/12
  9968 | D:8      | Found a runed translucent gate.
  9969 | D:8      | Found a runed translucent gate.
  9970 | D:8      | Found a runed translucent gate.
 10015 | D:8      | Noticed Joseph
 10029 | D:8      | Killed Joseph
 10261 | D:8      | Killed Acetwo5's ghost
 10381 | D:9      | Noticed a sun demon
 10421 | D:9      | Reached skill level 10 in Fighting
 10432 | D:9      | Reached skill level 1 in Shields
 10700 | D:9      | You fall into a shaft and drop 2 floors!
 10756 | D:10     | Entered Level 10 of the Dungeon
 10767 | D:10     | Noticed Psyche
 10774 | D:10     | Killed Psyche
 10934 | D:9      | Reached skill level 5 in Shields
 11088 | D:9      | Reached skill level 1 in Armour
 11101 | D:9      | Found a shimmering altar of Xom.
 11269 | D:9      | Found a burning altar of Makhleb.
 11348 | D:10     | Found an ancient bone altar of Kikubaaqudgha.
 11350 | D:10     | Found a hide-covered altar of Uskayaw.
 11566 | D:10     | Found a broken altar of Ashenzari.
 11598 | D:10     | Found a hazy altar of Hepliaklqana.
 11811 | D:10     | Found a staircase to the Lair.
 11896 | Lair:1   | Entered Level 1 of the Lair of Beasts
 11938 | Lair:1   | Reached skill level 5 in Armour
 12421 | Lair:1   | Reached XP level 12. HP: 41/77 MP: 13/13
 13144 | Lair:2   | Found an ornate altar of the Wu Jian Council.
 13235 | Lair:2   | Noticed a five-headed hydra
 13248 | Lair:2   | Killed a one-headed hydra
 13814 | Lair:3   | Reached skill level 10 in Armour
 13822 | Lair:3   | Reached skill level 1 in Dodging
 13897 | Lair:3   | Noticed a five-headed hydra
 13915 | Lair:3   | Killed a one-headed hydra
 13963 | Lair:3   | Noticed a five-headed hydra
 13976 | Lair:3   | Killed a one-headed hydra
 14191 | Lair:4   | Found a hole to the Spider Nest.
 14429 | Lair:4   | Reached skill level 5 in Dodging
 14625 | Lair:4   | Reached XP level 13. HP: 70/82 MP: 14/14
 14771 | Lair:4   | Found a staircase to the Swamp.
 16539 | Lair:6   | Entered Level 6 of the Lair of Beasts
 16939 | Lair:6   | Found a staircase to the Slime Pits.
 16998 | Lair:6   | Reached skill level 10 in Dodging
 17900 | Lair:6   | Found a large runed translucent door.
 17901 | Lair:6   | Found a large runed translucent door.
 18048 | Lair:6   | Noticed a fire dragon
 18184 | Lair:6   | Killed a fire dragon
 18745 | D:11     | Gained mutation: Your large and strong wings let you fly.
                  | [Gargoyle growth]
 18745 | D:11     | Reached XP level 14. HP: 88/88 MP: 15/15
 18805 | D:11     | Reached skill level 15 in Axes
 18928 | Lair:1   | Found the +5 demon whip "Spellbinder" {antimagic, Will+}
 19285 | Lair:1   | Identified the +8 dagger "Demon's Demise" {vorpal, *Noise
                  | rF++ Will+ Stlth+}
 19443 | D:11     | Noticed Guaramm's ghost (journeyman KoBr)
 19446 | D:11     | Found a transporter.
 19452 | D:11     | Found a transporter.
 19783 | D:11     | Killed Guaramm's ghost
 19847 | D:11     | Identified the ring of Nagheoj {Fire *Corrode rElec rN++
                  | Str-4}
 20188 | D:12     | Noticed Nessos
 20200 | D:12     | Killed Nessos
 20464 | D:12     | Reached skill level 1 in Evocations
 20663 | D:12     | Noticed Urug
 20700 | D:12     | Killed Urug
 20881 | D:12     | Noticed Fannar
 20885 | D:12     | Killed Fannar
 21024 | D:12     | Found a staircase to the Orcish Mines.
 21333 | Orc:1    | Entered Level 1 of the Orcish Mines
 21454 | Orc:2    | Entered Level 2 of the Orcish Mines
 21454 | Orc:2    | Found a staircase to the Elven Halls.
 21517 | Orc:2    | Found Atuekyot's Armour Boutique.
 21524 | Orc:2    | Bought a +0 pair of boots for 63 gold pieces
 21618 | Orc:2    | Reached skill level 5 in Evocations
 21727 | Orc:2    | Found a gate leading to a gauntlet.
 21734 | Orc:2    | Noticed Rupert
 21736 | Gauntlet | Entered a Gauntlet
 21736 | Gauntlet | Found a transporter.
 21776 | Gauntlet | Found a transporter.
 21791 | Gauntlet | Found a transporter.
 21797 | Gauntlet | Found a transporter.
 21823 | Gauntlet | Found a transporter.
 21842 | Gauntlet | Found a transporter.
 21854 | Gauntlet | Found a transporter.
 21865 | Gauntlet | Noticed a quicksilver ooze
 21866 | Gauntlet | Found a transporter.
 21878 | Gauntlet | Found a transporter.
 21890 | Gauntlet | Found a transporter.
 21907 | Gauntlet | Found a transporter.
 21924 | Gauntlet | Found a transporter.
 21928 | Gauntlet | Found a transporter.
 21968 | Gauntlet | Found a transporter.
 21970 | Gauntlet | Found a transporter.
 21971 | Gauntlet | Found a transporter.
 21975 | Gauntlet | Found a transporter.
 21980 | Gauntlet | Found a transporter.
 22023 | Gauntlet | Reached XP level 15. HP: 74/92 MP: 16/16
 22079 | Gauntlet | Identified the amulet of Accord {Will+ Regen+}
 22111 | Gauntlet | Identified the +6 mace "Wury" {spect, Contam rN++ Will-
                  | Str+3}
 22129 | Gauntlet | Identified the +6 dagger of the Tiger {pain, *Rage Fragile
                  | rN+++ Will+}
 22141 | Orc:2    | Killed Rupert
 22670 | Orc:2    | Found Ethof's Distillery.
 22671 | Orc:2    | Found Esoer's Antique Weapon Emporium.
 22671 | Orc:2    | Found Hett's General Store.
 22672 | Orc:2    | Found Seicio's Magic Scroll Shoppe.
 22678 | Orc:2    | Bought a scroll of fog for 26 gold pieces
 22678 | Orc:2    | Bought a scroll of magic mapping for 45 gold pieces
 22681 | Orc:2    | Bought a scroll of teleportation for 39 gold pieces
 22682 | Orc:2    | Bought a potion of cancellation for 96 gold pieces
 22682 | Orc:2    | Bought a potion of haste for 120 gold pieces
 22682 | Orc:2    | Bought a potion of mutation for 96 gold pieces
 22876 | Orc:1    | Fell from the grace of Ignis
 23029 | Orc:1    | Reached XP level 16. HP: 97/97 MP: 17/17
 23122 | Orc:1    | Found a shimmering blue altar of Sif Muna.
 23558 | Temple   | Entered the Ecumenical Temple
 23580 | Temple   | Became a worshipper of the Shining One
 24694 | D:13     | Reached skill level 10 in Evocations
 24768 | D:13     | Identified the +6 glaive "Rygut" {antimagic, Dex+3 SInv}
 24809 | D:14     | Reached * piety under the Shining One
 25550 | D:14     | You are sucked into a shaft and drop 1 floor!
 25550 | D:15     | Entered Level 15 of the Dungeon
 25572 | D:15     | Reached ** piety under the Shining One
 25988 | D:14     | Found a gate to the Vaults.
 26367 | D:15     | Found a staircase to the Depths.
 26958 | D:11     | You are sucked into a shaft and drop 2 floors!
 27101 | Spider:1 | Entered Level 1 of the Spider Nest
 27250 | Spider:1 | Reached *** piety under the Shining One
 27582 | Spider:1 | Noticed Louise
 27598 | Spider:1 | Killed Louise
 27726 | Spider:1 | Reached skill level 10 in Shields
 27726 | Spider:1 | Reached XP level 17. HP: 102/102 MP: 18/18
 28170 | Spider:1 | Was forgiven by Ignis
 28208 | Spider:1 | Reached **** piety under the Shining One
 28940 | Spider:2 | Identified the +0 pair of gloves of the Learner {rF+ rN+
                  | Int-2}
 29410 | Spider:3 | Reached ***** piety under the Shining One
 30100 | Spider:3 | Reached skill level 15 in Shields
 30203 | Spider:3 | Reached skill level 1 in Invocations
 30427 | Spider:4 | Entered Level 4 of the Spider Nest
 30508 | Spider:4 | Reached skill level 5 in Invocations
 30633 | Spider:3 | Reached XP level 18. HP: 106/107 MP: 0/22
 30739 | Spider:4 | Reached ****** piety under the Shining One
 31074 | Spider:4 | Got a gossamer rune of Zot
 31539 | Swamp:1  | Entered Level 1 of the Swamp
 31587 | Swamp:1  | Reached skill level 10 in Invocations
 31760 | Swamp:1  | Noticed Frances
 31784 | Swamp:1  | Killed Frances
 32648 | Swamp:3  | Identified the +4 falchion "Antecus" {venom, Fly}
 33172 | Swamp:4  | Entered Level 4 of the Swamp
 33351 | Swamp:4  | Identified Roxanne's Compendium of the Rocks
 33351 | Swamp:4  | Noticed Roxanne
 33725 | Swamp:4  | Reached XP level 19. HP: 112/112 MP: 29/29
 33937 | Swamp:4  | Killed Roxanne
 34010 | Swamp:4  | Found a blossoming altar of Fedhas.
 34027 | Swamp:4  | Found a basalt altar of Yredelemnul.
 34287 | Swamp:4  | Got a decaying rune of Zot
 34605 | Vaults:1 | Entered Level 1 of the Vaults
 34628 | Vaults:1 | Found a flickering gateway to a bazaar.
 34647 | Bazaar   | Entered a bazaar
 34659 | Bazaar   | Found Laomp's Armour Emporium.
 34660 | Bazaar   | Found Dolaolig's Book Emporium.
 34699 | Bazaar   | Found Janwat's Distillery.
 34699 | Bazaar   | Found Tixina Juka's Jewellery Shoppe.
 34705 | Bazaar   | Bought a potion of haste for 120 gold pieces
 34705 | Bazaar   | Bought a potion of heal wounds for 60 gold pieces
 34705 | Bazaar   | Bought a potion of haste for 120 gold pieces
 34705 | Bazaar   | Bought a potion of might for 48 gold pieces
 34756 | Vaults:1 | Found the +5 sword of Power {vorpal}
 35427 | Vaults:1 | Found Yshre Muo's Assorted Antiques.
 35427 | Vaults:1 | Found Vagodibi's General Store.
 35427 | Vaults:1 | Found Pel Uhuf's Distillery.
 35510 | Vaults:1 | Bought a scroll of enchant armour for 240 gold pieces
 35510 | Vaults:1 | Bought a potion of heal wounds for 160 gold pieces
 35510 | Vaults:1 | Bought a large ruby ring for 160 gold pieces
 35532 | Vaults:1 | Bought 2 potions of might for 96 gold pieces
 35532 | Vaults:1 | Bought a potion of heal wounds for 60 gold pieces
 35532 | Vaults:1 | Bought a potion of cancellation for 96 gold pieces
 35532 | Vaults:1 | Bought a potion of cancellation for 96 gold pieces
 35532 | Vaults:1 | Bought a potion of cancellation for 96 gold pieces
 35987 | Vaults:1 | Found a runed translucent gate.
 35987 | Vaults:1 | Found a runed translucent gate.
 35987 | Vaults:1 | Found a runed translucent gate.
 35989 | Vaults:1 | Noticed freelancePsychic's ghost (adept MfFE)
 35989 | Vaults:1 | Noticed rgbqcd's ghost (veteran MiBe)
 35990 | Vaults:1 | Noticed agentgt's ghost (veteran KoAK)
 35990 | Vaults:1 | Noticed Droegar's ghost (adept MiBe)
 36021 | Vaults:1 | Killed agentgt's ghost
 36029 | Vaults:1 | Killed rgbqcd's ghost
 36069 | Vaults:1 | Killed freelancePsychic's ghost
 36089 | Vaults:1 | Killed Droegar's ghost
 36356 | Vaults:1 | You are sucked into a shaft and drop 1 floor!
 36460 | Vaults:2 | Reached XP level 20. HP: 85/125 MP: 30/30
 36575 | Vaults:2 | Identified the +10 quarterstaff of Dullness {freeze, rElec
                  | Will+}
 37053 | Vaults:2 | Reached skill level 15 in Fighting
 37504 | Vaults:2 | Noticed Donald
 37517 | Vaults:2 | Killed Donald
 37634 | Vaults:3 | Noticed Bai Suzhen
 37745 | Vaults:2 | Killed Bai Suzhen
 37996 | Vaults:3 | Found a staircase to the Crypt.
 38112 | Crypt:1  | Entered Level 1 of the Crypt
 38854 | D:12     | Identified a +5 broad axe of holy wrath (a +3 broad axe
                  | blessed by the Shining One)
 38854 | D:12     | Received a gift from the Shining One
 39190 | Crypt:1  | Noticed Margery
 39194 | Crypt:1  | Reached XP level 21. HP: 126/142 MP: 31/31
 39211 | Crypt:1  | Killed Margery
 40499 | Crypt:3  | Entered Level 3 of the Crypt
 40600 | Crypt:3  | Reached skill level 15 in Armour
 40609 | Crypt:3  | Paralysed by a vampire knight for 4 turns
 40911 | Crypt:3  | Found the +3 giant club "Skullcrusher" {speed, Str+7}
 41039 | Crypt:3  | Noticed a curse toe
 41054 | Crypt:3  | Killed a curse toe
 41076 | Crypt:3  | Identified the ring of Jeich {Fly rN+ Str+7 Stlth+}
 41179 | Crypt:3  | Found the +8 Vampire's Tooth {vamp}
 41245 | Crypt:3  | Found a staircase to the Tomb.
 41383 | Crypt:3  | Noticed a dread lich
 41433 | Crypt:3  | Killed a dread lich
 41470 | Crypt:3  | Identified the ring of Qubore {rN+ Str-3 Dex+6}
 41827 | Vaults:3 | Noticed Mennas
 41942 | Vaults:3 | Killed Mennas
 41943 | Vaults:3 | Reached XP level 22. HP: 70/152 MP: 32/32
 42425 | Vaults:3 | Found a runed translucent door.
 42454 | Vaults:3 | Noticed Forgeling's ghost (adept FeEn)
 42518 | Vaults:3 | Killed Forgeling's ghost
 42527 | Vaults:3 | Got the Grimoire of Clay
 43178 | Vaults:4 | Noticed Jory
 43189 | Vaults:4 | Killed Jory
 43278 | Vaults:4 | Noticed Xtahua
 43301 | Vaults:4 | Killed Xtahua
 43686 | Vaults:4 | Found Weasof's Antique Armour Boutique.
 43920 | Vaults:5 | Entered Level 5 of the Vaults
 43920 | Vaults:5 | Noticed a golden dragon
 44007 | Vaults:4 | Reached skill level 15 in Invocations
 44147 | Vaults:5 | Killed a golden dragon
 44233 | Vaults:5 | Noticed Sojobo
 44246 | Vaults:4 | Reached XP level 23. HP: 124/156 MP: 23/35
 44361 | Vaults:4 | Paralysed by an air elemental for 1 turns
 44382 | Vaults:4 | Paralysed by an air elemental for 1 turns
 44388 | Vaults:4 | Paralysed by an air elemental for 1 turns
 44390 | Vaults:4 | Killed Sojobo
 44766 | Vaults:5 | Identified the +7 quarterstaff of the Screaming Queen
                  | {vorpal, rPois Str+3 Dex+2}
 45109 | Vaults:5 | Found Reloif's Distillery.
 45268 | Vaults:5 | Bought a potion of might for 64 gold pieces
 45268 | Vaults:5 | Bought a potion of mutation for 128 gold pieces
 45268 | Vaults:5 | Bought a potion of might for 64 gold pieces
 45268 | Vaults:5 | Bought a potion of haste for 160 gold pieces
 45268 | Vaults:5 | Bought a potion of mutation for 128 gold pieces
 45268 | Vaults:5 | Bought a potion of cancellation for 128 gold pieces
 45268 | Vaults:5 | Bought a potion of magic for 128 gold pieces
 45295 | Vaults:5 | Noticed a dread lich
 45304 | Vaults:5 | Gained mutation: You are weak. (Str -2) [a cacodemon]
 45309 | Vaults:5 | Killed a dread lich
 45469 | Vaults:5 | Found Bakhleytez's Magic Scroll Emporium.
 45474 | Vaults:5 | Bought a scroll of teleportation for 54 gold pieces
 45474 | Vaults:5 | Bought a scroll of magic mapping for 63 gold pieces
 45474 | Vaults:5 | Bought a scroll of fear for 63 gold pieces
 45474 | Vaults:5 | Bought 3 scrolls of teleportation for 162 gold pieces
 45474 | Vaults:5 | Bought a scroll of fear for 63 gold pieces
 45474 | Vaults:5 | Bought a scroll of teleportation for 54 gold pieces
 45486 | Vaults:5 | Found Leipraos's Distillery.
 45490 | Vaults:5 | Bought a potion of heal wounds for 65 gold pieces
 45490 | Vaults:5 | Bought a potion of haste for 130 gold pieces
 45490 | Vaults:5 | Bought a potion of attraction for 39 gold pieces
 45610 | Vaults:5 | Identified the ring "Lonol" {rC+ Will+ Int+6 Dex+6}
 45617 | Vaults:5 | Got a silver rune of Zot
 45749 | Vaults:5 | Found Xiuciod's Book Boutique.
 45965 | Vaults:5 | Identified the amulet "Culiafa" {RegenMP rElec Str+6}
 46092 | Vaults:5 | Identified the +2 pair of gloves of Analysis {Str+8 Int+2
                  | Dex-4 Stlth-}
 46623 | Slime:1  | Entered Level 1 of the Pits of Slime
 47408 | Slime:2  | Found a viscous altar of Jiyva.
 48171 | Slime:3  | Reached XP level 24. HP: 163/163 MP: 37/37
 48373 | Slime:4  | Noticed Dissolution
 48396 | Slime:3  | Gained mutation: You are frail. (-10% HP) [a shining eye]
 48398 | Slime:3  | Killed Dissolution
 48588 | Slime:5  | Entered Level 5 of the Pits of Slime
 48590 | Slime:5  | Gained mutation: You sometimes lose the ability to read
                  | scrolls when taking damage. [a shining eye]
 48951 | Slime:5  | Found a viscous altar of Jiyva.
 48951 | Slime:5  | Found the +2 cloak of the Thief {*Fog Slay-2 SInv Stlth+}
 48951 | Slime:5  | Noticed the Royal Jelly
 48972 | Slime:5  | Killed the Royal Jelly
 49010 | Slime:5  | Gained mutation: You are very weak. (Str -4) [a shining
                  | eye]
 49247 | Slime:5  | Identified the +0 scale mail of the Shining Light {rF++
                  | Str+4}
 49284 | Slime:5  | Got a slimy rune of Zot
 49297 | Slime:5  | Identified the +4 plate armour of Resourcefulness {rF+
                  | Str+4 Dex+2}
 49307 | Slime:5  | Got Baimet's Volume of Hedging
 49486 | Lair:6   | Lost mutation: You sometimes lose the ability to read
                  | scrolls when taking damage. [potion of mutation]
 49486 | Lair:6   | Lost mutation: You are frail. (-10% HP) [potion of
                  | mutation]
 49486 | Lair:6   | Gained mutation: You passively map a small area around you.
                  | [potion of mutation]
 49487 | Lair:6   | Lost mutation: You passively map a small area around you.
                  | [potion of mutation]
 49487 | Lair:6   | Lost mutation: You are very weak. (Str -4) [potion of
                  | mutation]
 49487 | Lair:6   | Lost mutation: You are weak. (Str -2) [potion of mutation]
 49487 | Lair:6   | Gained mutation: You are frail. (-10% HP) [potion of
                  | mutation]
 49488 | Lair:6   | Lost mutation: You are frail. (-10% HP) [potion of
                  | mutation]
 49488 | Lair:6   | Gained mutation: You have a pair of small antennae on your
                  | head. [potion of mutation]
 49488 | Lair:6   | Gained mutation: You are dopey. (Int -2) [potion of
                  | mutation]
 49489 | Lair:6   | Lost mutation: You have a pair of small antennae on your
                  | head. [potion of mutation]
 49489 | Lair:6   | Lost mutation: You are dopey. (Int -2) [potion of mutation]
 49489 | Lair:6   | Gained mutation: Your body sometimes deteriorates upon
                  | taking damage. [potion of mutation]
 49495 | Lair:6   | Lost mutation: Your body sometimes deteriorates upon taking
                  | damage. [potion of mutation]
 49495 | Lair:6   | Gained mutation: Your body sometimes deteriorates upon
                  | taking damage. [potion of mutation]
 49495 | Lair:6   | Gained mutation: Your body often deteriorates upon taking
                  | damage. [potion of mutation]
 49495 | Lair:6   | Gained mutation: You are partially covered in iridescent
                  | scales. (AC +2) [potion of mutation]
 49496 | Lair:6   | Lost mutation: Your body often deteriorates upon taking
                  | damage. [potion of mutation]
 49496 | Lair:6   | Lost mutation: You are partially covered in iridescent
                  | scales. (AC +2) [potion of mutation]
 49496 | Lair:6   | Gained mutation: You occasionally shout uncontrollably at
                  | your foes. [potion of mutation]
 49496 | Lair:6   | Gained mutation: You are dopey. (Int -2) [potion of
                  | mutation]
 49497 | Lair:6   | Lost mutation: You occasionally shout uncontrollably at
                  | your foes. [potion of mutation]
 49497 | Lair:6   | Lost mutation: You are dopey. (Int -2) [potion of mutation]
 49497 | Lair:6   | Gained mutation: You are agile. (Dex +2) [potion of
                  | mutation]
 49497 | Lair:6   | Gained mutation: You have sharp toenails. [potion of
                  | mutation]
 49497 | Lair:6   | Gained mutation: You are dopey. (Int -2) [potion of
                  | mutation]
 49497 | Lair:6   | Gained mutation: Your spells are a little harder to cast,
                  | but a little more powerful. [potion of mutation]
 49811 | Elf:1    | Entered Level 1 of the Elven Halls
 50112 | Elf:1    | Found a crumbling gateway.
 50155 | Desolati | Entered the Desolation of Salt
 50209 | Desolati | Got the Guide on Calling and Combat Magic
 50247 | Desolati | Got the Reference Book on the Dusty Traveller
 50503 | Desolati | Got the Reference Book on the Rocks and Envenoming
 50570 | Desolati | Identified the amulet of Gazit {Reflect rN+ Str+3 Int+3
                  | SH+5}
 50681 | Desolati | Got Udigef's Papyrus of Torrid Moulding
 50740 | Desolati | Identified the ring "Conlod" {Wiz Will+}
 50749 | Desolati | Identified the ring of Amecenen {Int-3 Dex+4 SInv}
 50953 | Elf:1    | Found Ubrin's Distillery.
 50959 | Elf:1    | Bought a potion of might for 48 gold pieces
 50959 | Elf:1    | Bought 2 potions of heal wounds for 120 gold pieces
 51034 | Elf:1    | Found Rauvibya's Antique Weapon Shoppe.
 51037 | Elf:1    | Found Tilesusch's Book Emporium.
 51151 | Elf:1    | Paralysed by an air elemental for 1 turns
 51385 | Elf:2    | Found a magical portal.
 51402 | WizLab   | Entered Alistair's Party Mansion
 51538 | WizLab   | Reached XP level 25. HP: 157/168 MP: 39/39
 51659 | WizLab   | Acquired 659 gold pieces
 52625 | Elf:2    | Found a runed translucent gate.
 52625 | Elf:2    | Found a runed translucent gate.
 52625 | Elf:2    | Found a runed translucent gate.
 53109 | Elf:3    | Entered Level 3 of the Elven Halls
 54197 | Elf:3    | Reached skill level 27 in Invocations
 54236 | Elf:3    | Got the Catalogue of the Rocks and Unholy Arts
 54284 | Elf:3    | Identified the +2 leather armour of Wicked Joy {rC+ Regen+
                  | Slay-4 SInv}
 54287 | Elf:3    | Identified the ring "Rode" {Ice rPois Int+4 Dex+4}
 54292 | Elf:3    | Identified the +0 chain mail of Orthodoxy {*Corrode rPois
                  | rC+++ Stlth+}
 54571 | Depths:1 | Entered Level 1 of the Depths
 54643 | Depths:1 | Found a corrupted altar of Lugonu.
 54645 | Depths:1 | Found a one-way gate to the infinite horrors of the Abyss.
 54724 | Depths:1 | Found a portal to a secret trove of treasure.
 54824 | Depths:1 | Noticed Aizul
 54835 | Depths:1 | Killed Aizul
 54965 | Depths:1 | Found a gateway to Hell.
 54984 | Hell     | Entered the Vestibule of Hell
 54984 | Hell     | Noticed Geryon
 55000 | Hell     | Killed Geryon
 55019 | Hell     | Reached XP level 26. HP: 177/177 MP: 36/40
 55120 | Hell     | Found a gateway to the freezing wastes of Cocytus.
 55347 | Hell     | Found a gateway to the decaying netherworld of Tartarus.
 55455 | Hell     | Found a gateway to the ashen valley of Gehenna.
 56069 | Hell     | Found a gateway to the Iron City of Dis.
 56357 | Depths:1 | Found a runed translucent door.
 56922 | Depths:2 | Found a white marble altar of Elyvilon.
 57251 | Depths:2 | Identified the ring "Keycukhe" {rN++ Str+3 Int-4 Dex+6}
 57341 | Depths:2 | Found a one-way gateway to a ziggurat.
 57421 | Depths:2 | Found a one-way gate leading to the halls of Pandemonium.
 58237 | Depths:3 | Found a glowing silver altar of Zin.
 58377 | Depths:3 | Reached XP level 27. HP: 102/193 MP: 32/40
 58672 | Depths:3 | Noticed a juggernaut
 58695 | Depths:3 | Killed a juggernaut
 58753 | Depths:3 | Got Sif Muna's Volume of Doomed Feathers
 58839 | Depths:3 | Noticed Boris
 58853 | Depths:3 | Killed Boris
 58867 | Depths:3 | Found Giumyan's Book Boutique.
 58868 | Depths:3 | Found Cuibis's Jewellery Emporium.
 58868 | Depths:3 | Found Ruav's Jewellery Emporium.
 59053 | Depths:3 | Paralysed by a floating eye for 2 turns
 59063 | Depths:3 | Found Halora's Antique Armour Emporium.
 59498 | Depths:4 | Entered Level 4 of the Depths
 59634 | Depths:4 | Reached skill level 27 in Fighting
 60223 | Depths:4 | Found a gate to the Realm of Zot.
 60406 | Depths:4 | Found a bloodstained altar of Trog.
 60596 | Tar:1    | Entered Level 1 of Tartarus
 60713 | Tar:2    | Noticed a dread lich
 60713 | Tar:2    | Noticed an ancient lich
 60713 | Tar:2    | Noticed an ancient lich
 60713 | Tar:2    | Noticed an ancient lich
 60719 | Tar:2    | Killed an ancient lich
 60719 | Tar:2    | Killed an ancient lich
 60719 | Tar:2    | Killed an ancient lich
 60720 | Tar:2    | Killed a dread lich
 61036 | Tar:5    | Noticed a juggernaut
 61057 | Tar:5    | Killed a juggernaut
 61076 | Tar:5    | Noticed a juggernaut
 61102 | Tar:5    | Killed a juggernaut
 61229 | Tar:5    | Noticed a juggernaut
 61252 | Tar:5    | HP: 5/199 [titan/bolt of lightning (9)]
 61583 | Tar:5    | Killed a juggernaut
 62124 | Tar:7    | Entered Level 7 of Tartarus
 62491 | Tar:7    | Reached skill level 27 in Armour
 62655 | Tar:7    | Identified the +6 scale mail of Pan-Flutes {Drain rN++
                  | Int+4 Dex+3}
 63089 | Tar:7    | Noticed Ereshkigal
 63111 | Tar:7    | Killed Ereshkigal
 63151 | Tar:7    | Got a bone rune of Zot
 63214 | Tar:7    | Noticed a dread lich
 63214 | Tar:7    | Noticed a dread lich
 63214 | Tar:7    | Noticed a dread lich
 63219 | Tar:7    | Paralysed by a dread lich for 4 turns
 63220 | Tar:7    | Killed a dread lich
 63224 | Tar:7    | Killed a dread lich
 63232 | Tar:7    | Paralysed by a dread lich for 5 turns
 63240 | Tar:7    | Killed a dread lich
 63338 | Geh:1    | Entered Level 1 of Gehenna
 63433 | Geh:2    | You are sucked into a shaft and drop 2 floors!
 63829 | Geh:7    | Entered Level 7 of Gehenna
 64271 | Geh:7    | Identified the +8 great sword of Kasatyo {venom, rPois rF+}
 64378 | Geh:7    | Found the +7 sceptre of Asmodeus
 64378 | Geh:7    | Noticed Asmodeus
 64408 | Geh:7    | Killed Asmodeus
 64416 | Geh:7    | Got an obsidian rune of Zot
 64608 | Coc:1    | Entered Level 1 of Cocytus
 64917 | Coc:4    | Paralysed by a wendigo for 1 turns
 65276 | Coc:6    | Paralysed by a wendigo for 1 turns
 65413 | Coc:7    | Entered Level 7 of Cocytus
 65443 | Coc:7    | Noticed the Serpent of Hell
 65458 | Coc:7    | Reached skill level 27 in Shields
 65466 | Coc:7    | Killed the Serpent of Hell
 65721 | Coc:7    | Paralysed by a wendigo for 1 turns
 65734 | Coc:7    | Paralysed by a wendigo for 1 turns
 65748 | Coc:7    | Paralysed by a wendigo for 1 turns
 65779 | Coc:7    | Paralysed by a wendigo for 1 turns
 66199 | Coc:7    | Paralysed by a wendigo for 1 turns
 66289 | Coc:7    | Paralysed by a wendigo for 1 turns
 66293 | Coc:7    | Paralysed by a wendigo for 1 turns
 66332 | Coc:7    | Paralysed by a wendigo for 1 turns
 66704 | Coc:7    | Identified the ring of Benevolence {Int+3 SInv}
 66723 | Coc:7    | Noticed Antaeus
 66745 | Coc:7    | Killed Antaeus
 66756 | Coc:7    | Got an icy rune of Zot
 66975 | Depths:2 | Learned a level 2 spell: Blink
 66979 | Depths:2 | Learned a level 3 spell: Swiftness
 66984 | Depths:2 | Learned a level 4 spell: Animate Armour
 66985 | Pan      | Entered Pandemonium
 67001 | Pan      | Reached skill level 1 in Earth Magic
 67085 | Pan      | Gained mutation: Potions are less effective at restoring
                  | your health. [a neqoxec]
 67087 | Pan      | Noticed Jytauwk the pandemonium lord
 67094 | Pan      | Killed Jytauwk the pandemonium lord
 67137 | Pan      | Found a runed translucent door.
 67138 | Pan      | Lost mutation: Your spells are a little harder to cast, but
                  | a little more powerful. [a cacodemon]
 67149 | Pan      | Reached skill level 5 in Earth Magic
 67149 | Pan      | Noticed Fauss the pandemonium lord
 67162 | Pan      | Entered the realm of Cerebov.
 67304 | Pan      | Found the +6 sword of Cerebov {flame}
 67304 | Pan      | Noticed Cerebov
 67424 | Pan      | Killed Cerebov
 67484 | Pan      | Identified the +0 helmet "Beshunky" {Regen+ Dex+2 Stlth+}
 67522 | Pan      | Reached skill level 10 in Earth Magic
 67557 | Pan      | Identified the ring "Ucvor" {rF+ rN+ Will++}
 67569 | Pan      | Identified the +2 scimitar "Tihiblah" {venom, rC+}
 67642 | Pan      | Got a fiery rune of Zot
 68047 | Pan      | Gained mutation: You sometimes lose the ability to read
                  | scrolls when taking damage. [a neqoxec]
 68051 | Pan      | Lost mutation: Your body sometimes deteriorates upon taking
                  | damage. [potion of mutation]
 68051 | Pan      | Lost mutation: You are agile. (Dex +2) [potion of mutation]
 68051 | Pan      | Lost mutation: You have sharp toenails. [potion of
                  | mutation]
 68051 | Pan      | Gained mutation: Armour fits poorly on your strangely
                  | shaped body. [potion of mutation]
 68051 | Pan      | Gained mutation: You have sharp toenails. [potion of
                  | mutation]
 68052 | Pan      | Lost mutation: Armour fits poorly on your strangely shaped
                  | body. [potion of mutation]
 68052 | Pan      | Lost mutation: Potions are less effective at restoring your
                  | health. [potion of mutation]
 68052 | Pan      | Lost mutation: You have sharp toenails. [potion of
                  | mutation]
 68052 | Pan      | Gained mutation: Armour fits poorly on your strangely
                  | shaped body. [potion of mutation]
 68052 | Pan      | Gained mutation: You do not regenerate when monsters are
                  | visible. [potion of mutation]
 68052 | Pan      | Gained mutation: You are weak. (Str -2) [potion of
                  | mutation]
 68053 | Pan      | Lost mutation: You sometimes lose the ability to read
                  | scrolls when taking damage. [potion of mutation]
 68053 | Pan      | Lost mutation: You are dopey. (Int -2) [potion of mutation]
 68053 | Pan      | Lost mutation: You are weak. (Str -2) [potion of mutation]
 68053 | Pan      | Gained mutation: You have large cloven feet. [potion of
                  | mutation]
 68054 | Pan      | Lost mutation: You have large cloven feet. [potion of
                  | mutation]
 68054 | Pan      | Lost mutation: You do not regenerate when monsters are
                  | visible. [potion of mutation]
 68054 | Pan      | Gained mutation: You sometimes lose the ability to read
                  | scrolls when taking damage. [potion of mutation]
 68054 | Pan      | Gained mutation: Your mind is acute. (Int +2) [potion of
                  | mutation]
 68054 | Pan      | Gained mutation: Your movements are slightly less
                  | encumbered by armour. (ER -2) [potion of mutation]
 68055 | Pan      | Lost mutation: Your movements are slightly less encumbered
                  | by armour. (ER -2) [potion of mutation]
 68055 | Pan      | Lost mutation: Your mind is acute. (Int +2) [potion of
                  | mutation]
 68055 | Pan      | Lost mutation: You sometimes lose the ability to read
                  | scrolls when taking damage. [potion of mutation]
 68055 | Pan      | Gained mutation: Your mind is acute. (Int +2) [potion of
                  | mutation]
 68055 | Pan      | Gained mutation: You have sharp fingernails. [potion of
                  | mutation]
 68055 | Pan      | Gained mutation: Your spells are a little harder to cast,
                  | but a little more powerful. [potion of mutation]
 68056 | Pan      | Lost mutation: Your spells are a little harder to cast, but
                  | a little more powerful. [potion of mutation]
 68056 | Pan      | Lost mutation: Armour fits poorly on your strangely shaped
                  | body. [potion of mutation]
 68056 | Pan      | Gained mutation: You are robust. (+10% HP) [potion of
                  | mutation]
 68311 | Pan      | Noticed Mom Suca the pandemonium lord
 68315 | Pan      | Killed Mom Suca the pandemonium lord
 68367 | Pan      | Entered the realm of Mnoleg.
 68380 | Pan      | Gained mutation: You sometimes lose the ability to read
                  | scrolls when taking damage. [a cacodemon]
 68383 | Pan      | Reached skill level 15 in Earth Magic
 68405 | Pan      | Gained mutation: You are weak. (Str -2) [a neqoxec]
 68424 | Pan      | Lost mutation: You are robust. (+10% HP) [a cacodemon]
 68432 | Pan      | Gained mutation: Your magical capacity is low. (-10% MP) [a
                  | cacodemon]
 68434 | Pan      | Gained mutation: You have large cloven feet. [a neqoxec]
 68439 | Pan      | Gained mutation: You are frail. (-10% HP) [a neqoxec]
 68445 | Pan      | Reached skill level 5 in Spellcasting
 68449 | Pan      | Gained mutation: Armour fits poorly on your strangely
                  | shaped body. [a cacodemon]
 68454 | Pan      | Gained mutation: You are very frail. (-20% HP) [a shining
                  | eye]
 68458 | Pan      | Noticed Mnoleg
 68458 | Pan      | Gained mutation: You are extremely frail. (-30% HP) [a
                  | shining eye]
 68461 | Pan      | Gained mutation: Your spells are a little easier to cast,
                  | but a little less powerful. [a shining eye]
 68471 | Pan      | Killed Mnoleg
 68483 | Pan      | Paralysed by a floating eye for 4 turns
 68494 | Pan      | Lost mutation: Your mind is acute. (Int +2) [a neqoxec]
 68539 | Pan      | Got a glowing rune of Zot
 68586 | Pan      | Identified the -4 cloak of the Abyss {+Blink rPois Will-}
 68617 | Pan      | Gained mutation: You are very weak. (Str -4) [a shining
                  | eye]
 68619 | Pan      | Gained mutation: You occasionally shout uncontrollably at
                  | your foes. [a shining eye]
 68625 | Pan      | Found an exit through the horrors of the Abyss.
 68627 | Pan      | Lost mutation: You sometimes lose the ability to read
                  | scrolls when taking damage. [a shining eye]
 68632 | Pan      | Gained mutation: Your magical capacity is very low. (-20%
                  | MP) [a shining eye]
 68635 | Pan      | Gained mutation: Potions are less effective at restoring
                  | your health. [a neqoxec]
 68691 | Pan      | Reached skill level 1 in Summonings
 68822 | Depths:2 | Escaped Pandemonium
 68824 | Pan      | Entered the realm of Gloorx Vloq.
 68824 | Pan      | Entered Pandemonium
 68846 | Pan      | Reached skill level 5 in Summonings
 68895 | Pan      | Noticed Gloorx Vloq
 68907 | Pan      | Killed Gloorx Vloq
 68925 | Pan      | Got a dark rune of Zot
 69047 | Pan      | Identified the +7 long sword of Recklessness {vorpal, rC++
                  | Int-4 SInv Stlth+}
 69083 | Pan      | Found an exit through the horrors of the Abyss.
 69216 | Pan      | Noticed Isin Ni Qotz the pandemonium lord
 69228 | Pan      | Killed Isin Ni Qotz the pandemonium lord
 69258 | Pan      | Entered the realm of Lom Lobon.
 69300 | Pan      | Reached skill level 1 in Translocations
 69586 | Pan      | Reached skill level 5 in Translocations
 69679 | Pan      | Noticed Lom Lobon
 69682 | Pan      | Identified the +0 tower shield of Vammuha {*Slow Will++
                  | rCorr Stlth+}
 69735 | Pan      | Lost mutation: You have sharp fingernails. [potion of
                  | mutation]
 69735 | Pan      | Lost mutation: You occasionally shout uncontrollably at
                  | your foes. [potion of mutation]
 69735 | Pan      | Gained mutation: You are partially covered in iridescent
                  | scales. (AC +2) [potion of mutation]
 69858 | Pan      | Killed Lom Lobon
 69866 | Pan      | Got a magical rune of Zot
 70035 | Pan      | Found an exit through the horrors of the Abyss.
 70153 | Pan      | Found a runed translucent door.
 70153 | Pan      | Found a runed translucent door.
 70163 | Pan      | Found a runed translucent door.
 70174 | Pan      | Noticed Uhashara the pandemonium lord
 70184 | Pan      | Killed Uhashara the pandemonium lord
 70193 | Pan      | Identified the +9 mace of Evil {venom, rPois rF+ Int-4}
 70195 | Pan      | Found a runed translucent door.
 70269 | Pan      | Learned a level 1 spell: Apportation
 70372 | Pan      | Noticed Veejefih the pandemonium lord
 70385 | Pan      | Killed Veejefih the pandemonium lord
 70505 | Pan      | Noticed Ivvifot the pandemonium lord
 70546 | Pan      | Killed Ivvifot the pandemonium lord
 70597 | Pan      | Reached skill level 10 in Translocations
 70679 | Pan      | Found a runed translucent door.
 70697 | Pan      | Got a demonic rune of Zot
 71271 | Pan      | Noticed Qyraucesch the pandemonium lord
 71289 | Pan      | Reached skill level 10 in Spellcasting
 71311 | Pan      | Killed Qyraucesch the pandemonium lord
 71704 | Pan      | Found an exit through the horrors of the Abyss.
 71723 | Pan      | Took an exit into the Abyss.
 71723 | Abyss:1  | Escaped into the Abyss
 71757 | Abyss:1  | Found a corrupted altar of Lugonu.
 71825 | Abyss:3  | Found a corrupted altar of Lugonu.
 71860 | Abyss:4  | Found a corrupted altar of Lugonu.
 72095 | Abyss:4  | Paralysed by you for 4 turns
 72208 | Abyss:5  | Entered Level 5 of the Abyss
 72660 | Abyss:5  | Paralysed by you for 7 turns
 72692 | Abyss:5  | Gained mutation: You are clumsy. (Dex -2) [a neqoxec]
 72716 | Abyss:5  | Lost mutation: Armour fits poorly on your strangely shaped
                  | body. [a cacodemon]
 72941 | Depths:2 | Escaped the Abyss
 73090 | Zot:1    | Entered Level 1 of the Realm of Zot
 73275 | Depths:3 | Voluntarily entered the Abyss.
 73661 | Abyss:3  | Found a shadowy altar of Dithmenos.
 73814 | Abyss:3  | Gained mutation: You sometimes lose the ability to read
                  | scrolls when taking damage. [a neqoxec]
 73888 | Abyss:3  | Gained mutation: You are very clumsy. (Dex -4) [a neqoxec]
 73933 | Abyss:3  | Noticed a dread lich
 73957 | Abyss:3  | Killed a dread lich
 73992 | Abyss:3  | Got an abyssal rune of Zot
 74009 | Depths:3 | Escaped the Abyss
 74184 | Vaults:1 | Bought a potion of mutation for 256 gold pieces
 74184 | Vaults:1 | Lost mutation: You have large cloven feet. [potion of
                  | mutation]
 74184 | Vaults:1 | Lost mutation: Potions are less effective at restoring your
                  | health. [potion of mutation]
 74575 | Zot:1    | Found a large runed translucent door.
 74576 | Zot:1    | Found a large runed translucent door.
 74577 | Zot:1    | Found a large runed translucent door.
 74577 | Zot:1    | Found a shimmering altar of Xom.
 74577 | Zot:1    | Identified the +8 great sword "Uvveof" {vorpal, rPois rF+
                  | Int+7}
 74578 | Zot:1    | Identified the +5 fustibalus of Lily {freeze, Dex+5 SInv}
 74578 | Zot:1    | Found a large runed translucent door.
 74578 | Zot:1    | Found a large runed translucent door.
 74579 | Zot:1    | Identified the +10 longbow of the Chickpea {chaos, rElec
                  | rPois}
 74613 | Zot:1    | Found a large runed translucent door.
 74613 | Zot:1    | Found a large runed translucent door.
 74613 | Zot:1    | Found a large runed translucent door.
 74664 | Zot:1    | Identified the +1 ring mail of Tuimewn {Rampage Str+3}
 74677 | Zot:1    | Noticed a juggernaut
 74677 | Zot:1    | a Killer Klown changed into a juggernaut
 74789 | Zot:1    | Killed a juggernaut
 75261 | Zot:1    | Reached skill level 15 in Spellcasting
 76706 | Zot:2    | Found a runed translucent door.
 76706 | Zot:2    | Noticed Jiorhin's ghost (legendary TrBe)
 76746 | Zot:2    | Killed Jiorhin's ghost
 77061 | Zot:3    | Noticed an orb of fire
 77195 | Zot:3    | Gained mutation: Armour fits poorly on your strangely
                  | shaped body. [an orb of fire]
 77197 | Zot:3    | Killed an orb of fire
 78831 | Zot:5    | Entered Level 5 of the Realm of Zot
 78847 | Zot:5    | Noticed an orb of fire
 78864 | Zot:5    | Killed an orb of fire
 79516 | Zot:5    | Noticed an orb of fire
 79539 | Zot:5    | Gained mutation: You are dopey. (Int -2) [an orb of fire]
 79545 | Zot:5    | Gained mutation: Potions are less effective at restoring
                  | your health. [an orb of fire]
 79546 | Zot:5    | Gained mutation: You do not regenerate when monsters are
                  | visible. [an orb of fire]
 79550 | Zot:5    | Gained mutation: Your body sometimes deteriorates upon
                  | taking damage. [an orb of fire]
 79551 | Zot:5    | Killed an orb of fire
 79560 | Zot:5    | Noticed an orb of fire
 79571 | Zot:5    | Lost mutation: Armour fits poorly on your strangely shaped
                  | body. [an orb of fire]
 79577 | Zot:5    | Gained mutation: You occasionally shout uncontrollably at
                  | your foes. [an orb of fire]
 79581 | Zot:5    | Killed an orb of fire
 79581 | Zot:5    | Noticed an orb of fire
 79582 | Zot:5    | Gained mutation: Armour fits poorly on your strangely
                  | shaped body. [an orb of fire]
 79583 | Zot:5    | Gained mutation: Potions cannot restore your health. [an
                  | orb of fire]
 79586 | Zot:5    | HP: 6/139 [orb of fire/bolt of fire (18)]
 79587 | Zot:5    | Killed from afar by an orb of fire

Illustrated notes

Levels and vault maps discovered:
D:1:      mrwooster_arrival_statue_2, layout_basic,
          chequers_ecumenical_altar_lobes, kennysheep_flooded_box,
          hangedman_decor_push
D:2:      layout_loops_cross, serial_shops, nicolae_shop_stone, uniq_jessica
D:3:      layout_loops_ring, nemelex_spade_bored_becter, eino_tiny_chamber,
          uniq_grinder
D:4:      layout_layer_cave, kennysheep_generic_room_2
D:5:      cheibrodos_two_vegetables, layout_basic, cheibrodos_sewer_entry_bend,
          st_stairs_7, minmay_stone_trees_small, minmay_quadrilaterals,
          uniq_eustachio, uniq_duvessa, uniq_menkaure
D:6:      layout_basic, mainiacjoe_overflow_brackets, serial_shops,
          kennysheep_little_box, nicolae_ossuary_entry_false_entrances,
          uniq_sigmund, uniq_blork_the_orc, uniq_prince_ribbit1
D:7:      layout_loops_ring, mainiacjoe_overflow_chevrons,
          mainiacjoe_overflow_alcove_1, temple_statues, uniq_crazy_yiuf_cottage
D:8:      layout_loops_ring, enter_bailey_6, gammafunk_ghost_icy, uniq_joseph
D:9:      layout_irregular_city, mainiacjoe_overflow_alcove_2, tgw_xom,
          library_closet
D:10:     layout_roguey, mainiacjoe_overflow_alcove_4,
          mainiacjoe_overflow_catwalk_spiral,
          nicolae_hepliaklqana_monster_ancestors, david_lair_shrubbed,
          uniq_psyche
D:11:     layout_loops_ring, nzn_ghost_randoct, st_stairs_13,
          nrook_loot_triangle
D:12:     layout_layer_cave, kennysheep_orc_monster_closet_entryway,
          uniq_nessos, uniq_fannar, uniq_urug
D:13:     layout_big_octagon, nrook_uturn, kennysheep_four_rooms
D:14:     layout_gridville, david_vaults_5,
          hangedman_abyss_or_decor_jellyfish_corner, special_room
          [special_room_orc]
D:15:     hangedman_depths_entry_civil_slaughter, layout_loops_corners,
          minmay_tree_intersection
Temple:   minmay_temple_bridge_abc
Lair:1:   statuecave_lemuel, layout_gridlike
Lair:2:   layout_roguey, basic_altar
Lair:3:   layout_cave_shapes, worms_lemuel
Lair:4:   layout_roguey, skrybe_swamp_entry_bodies,
          nicolae_spider_entry_tight_spaces
Lair:5:   layout_gridlike, kennysheep_abandoned_house
Lair:6:   cheibrodos_lair_end_hotspot, layout_loops_ring,
          nicolae_slime_entry_slimehenge, nicolae_quartered_pool_super
Swamp:1:  layout_falls_marsh, evilmike_swamp_ruin_house_4, uniq_frances
Swamp:2:  layout_basic_swamp, evilmike_swamp_ruin_rubble_2
Swamp:3:  layout_falls_marsh, hangedman_swamp_ruin_hall,
          infiniplex_staircase_pool_2
Swamp:4:  byrel_swamp_growth_death_and_undeath, layout_basic_swamp, uniq_roxanne
Spider:1: layout_cave_pods, uniq_louise
Spider:2: layout_spider_delve
Spider:3: layout_spider_delve, hangedman_spider_mandibles,
          hellmonk_spider_spawner
Spider:4: guppyfry_spider_rune, hellmonk_deceptive_appearances
Slime:1:  layout_caves
Slime:2:  layout_caves, basic_altar
Slime:3:  cheibrodos_slime_lost_civilization_3, layout_caves, basic_altar
Slime:4:  layout_caves, dissolution_awaits
Slime:5
Orc:1:    layout_caves, kennysheep_orc_sif_temple
Orc:2:    st_orc_pillars, layout_caves, basic_altar, gauntlet_entry_generic,
          serial_shops, shop, uniq_rupert
Elf:1:    layout_geoelf_grid, serial_shops, shop,
          portal_desolation_entry_nicolae_slug, minmay_elf_crystal_hexagon,
          minmay_shoptagon
Elf:2:    nicolae_elf_blades_splatter_lattice
          [nicolae_blade_entry_floor_patterns], layout_onion_city,
          infiniplex_enter_wizlab_glasses, nicolae_elf_martial_mastery
Elf:3:    elf_hall_gauntlet_narrow, layout_geoelf_castle
Vaults:1: gammafunk_ghost_cemetery, vaults_mumra_minichess_inversion,
          vaults_room_corners, hangedman_vaults_hard_town_square,
          vaults_dpeg_diagonal, vaults_room_pools, nicolae_vaults_specimen_jars,
          hangedman_vaults_corner_blocks, vaults_room_stairs_pillars,
          layout_vaults_omnigrid, serial_shops, bzr_entry_islet
Vaults:2: nicolae_vaults_what_the_h, v_misc_31, v_misc_29,
          hangedman_vaults_corner_blocks, hangedman_vaults_restitches,
          nicolae_vaults_little_squares_4, ontoclasm_vaults_tryst,
          ontoclasm_vaults_shuriken, layout_vaults_omnibox, uniq_donald
Vaults:3: hellmonk_ghost_big_iron, nicolae_vaults_diagonal_hallway_7,
          nicolae_vaults_shelves_hall, minmay_crypt_entry_simple_round,
          grunt_vaults_focal, grunt_vaults_hallway_long, v_misc_3,
          nicolae_vaults_yaktaur_gun_rack, grunt_vaults_hallway_short,
          dpeg_vaults_monster_box, v_misc_22, ontoclasm_vaults_pinch,
          nicolae_vaults_angled_halls, layout_vaults_omnicross, uniq_mennas,
          uniq_bai_suzhen
Vaults:4: ontoclasm_vaults_ligature, nicolae_vaults_diagonal_hallway_6,
          vaults_room_stairs_pillars, v_rooms_3, grunt_vaults_bifocal, v_misc_8,
          ontoclasm_vaults_idyll, hangedman_vaults_variations, vaults_mumra_lcd,
          nicolae_vaults_mini_display_case, vaults_room_corners,
          vaults_room_door_ring, vaults_room_mumra_shop_pool,
          ontoclasm_vaults_gateway, vaults_room_corners, layout_vaults_big_room,
          uniq_xtahua, uniq_jory
Vaults:5: uniq_sojobo
Crypt:1:  layout_misc_corridors, grunt_ministairs_7,
          nicolae_crypt_crumbling_hall, roderic_lattice_octagonal_star,
          uniq_margery
Crypt:2:  layout_gridlike, grunt_megastairs_1
Crypt:3:  david_glass_crypt, layout_misc_corridors,
          minmay_guarded_unrand_skullcrusher
Depths:1: layout_long_grid, hangedman_geh_valley, abyss_entry_flame_altar,
          trove_entry_hex_spiral, lightli_giant_bouncers, serial_bayou_shore_a,
          uniq_aizul
Depths:2: grunt_arcs, layout_honeycomb, enter_ziggurat_c, pan_entry, hell_entry,
          hangedman_abyss_or_decor_clamps, elyvilon_altar_1
Depths:3: minmay_nine_rooms, layout_gridlike, abyss_entry, hellmouth_3,
          infiniplex_staircase_zigzag_5, serial_shops,
          nicolae_shop_overgrown_old_shop, zin_academy, minmay_shop_grove,
          uniq_boris
Depths:4: grunt_zot_entry_pinwheel, layout_gridville, lemuel_tele_altar,
          grunt_mini_vestibule, serial_bayou_shore_b
Hell
Geh:1:    layout_gehenna_pools_triple
Geh:2:    layout_gehenna_lava_caves
Geh:4:    layout_gehenna_lava_caves
Geh:5:    layout_gehenna_pools_basic
Geh:6:    layout_gehenna_pools_triple, nicolae_geh_fourpack
Geh:7:    geh_old
Coc:1:    layout_cocytus_water_paths
Coc:2:    layout_cocytus_water_paths
Coc:3:    layout_cocytus_water_paths
Coc:4:    layout_cocytus_water_paths
Coc:5:    layout_ice_bergs
Coc:6:    layout_ice_bergs
Coc:7:    coc_grunt_cove [coc_grunt_cove_antaeus, coc_grunt_cove_fiend,
          coc_grunt_cove_fiend, coc_grunt_cove_fiend, coc_grunt_cove_fiend]
Tar:1:    nicolae_tar_fifth_circle, layout_cathedral_of_symmetry,
          nicolae_tar_cuneiform_bread
Tar:2:    layout_grid_maze, nicolae_tar_liches_on_tour
Tar:3:    nicolae_tar_ssshhh
Tar:4:    layout_cathedral_of_symmetry
Tar:5:    nicolae_hells_titanomachy
Tar:6:    layout_grid_maze
Tar:7:    tar_old
Zot:1:    layout_basic, hangedman_xom_zot_hilarity
Zot:2:    hangedman_zot_vaults_quadrants, layout_concentric_octagons,
          ebering_ghost_inner_flame
Zot:3:    layout_onion_interference
Zot:4:    layout_gridlike, grunt_ministairs_4, grunt_megastairs_2
Zot:5:    layout_cellular_growth, st_stairs_4, grunt_ministairs_15,
          hangedman_zot_decor_slant

Skill      XL: |  1  2  3  4  5  6  7  8  9 10 11 12 13 14 15 16 17 18 19 20 21 22 23 24 25 26 27 |
---------------+----------------------------------------------------------------------------------+-----
Axes           | 3 4 6 7 8 10 13 14 16 18 20 | 20.1
Fighting       | 7 10 13 18 20 21 25 27 | 27.0
Shields        | 5 10 15 27 | 27.0
Armour         | 6 10 13 17 20 27 | 27.0
Dodging        | 6 10 | 10.0
Evocations     | 5 8 10 | 10.0
Invocations    | 6 14 16 21 24 27 | 27.0
Earth Magic    | 15 | 15.0
Spellcasting   | 20 | 20.5
Summonings     | 8 |  8.8
Translocations | 10 | 10.0
Fire Magic     | |  3.0

Action                   |  1- 3 |  4- 6 |  7- 9 | 10-12 | 13-15 | 16-18 | 19-21 | 22-24 | 25-27 || total
-------------------------+-------+-------+-------+-------+-------+-------+-------+-------+-------++-------
Melee: Hand axe          |    86 |   113 |   309 |   732 |   801 |    28 |       |       |       ||  2069
       Punch             |       |     1 |       |       |       |       |       |       |       ||     1
       Broad axe         |       |       |       |       |   341 |  1450 |  1570 |  1729 |  7383 || 12473
Throw: Dart              |       |       |     5 |       |       |       |       |       |     1 ||     6
 Cast: Animate Armour    |       |       |       |       |       |       |       |       |     4 ||     4
Invok: Foxfire Swarm     |       |     2 |       |       |       |       |       |       |       ||     2
       Fiery Armour      |       |       |     1 |       |       |       |       |       |       ||     1
       Renounce Religion |       |       |       |       |     1 |       |       |       |       ||     1
       Cleansing Flame   |       |       |       |       |       |       |    21 |    10 |   200 ||   231
       Brand Weapon With |       |       |       |       |       |       |     1 |       |       ||     1
       Summon Divine War |       |       |       |       |       |       |       |       |    12 ||    12
Evoke: Wand              |       |     2 |    34 |    10 |     2 |     2 |     8 |       |    37 ||    95
       Tin of tremorston |       |       |       |       |       |     4 |       |     2 |       ||     6
       Lightning rod     |       |       |       |       |       |       |     4 |       |       ||     4
  Use: Scroll            |       |       |    19 |     8 |    12 |     5 |     8 |     1 |    23 ||    76
       Potion            |       |       |       |     1 |     5 |     3 |     6 |    11 |    27 ||    53
 Stab: Paralysed         |       |       |       |     9 |     3 |       |       |       |       ||    12
Armor: Robe              |    15 |       |       |       |       |       |       |       |       ||    15
       Ring mail         |    13 |       |       |       |       |       |       |       |       ||    13
       Scale mail        |     3 |    40 |   107 |       |       |       |       |       |       ||   150
       Chain mail        |       |       |    37 |   349 |   617 |  1431 |  1163 |  1069 |  1024 ||  5690
       Gold dragon scale |       |       |       |       |       |       |       |       |  4185 ||  4185
Dodge: Dodged            |    34 |    33 |    78 |   138 |   332 |   666 |   658 |   786 |  2500 ||  5225
Block: Other             |    16 |     8 |       |       |       |       |       |       |       ||    24
       Buckler           |       |    15 |   115 |   232 |   370 |   117 |       |       |       ||   849
       Reflection        |       |       |     4 |     8 |    10 |       |     8 |    44 |   150 ||   224
       Tower shield      |       |       |       |       |       |    13 |       |       |       ||    13
       Kite shield       |       |       |       |       |       |   720 |   927 |   934 |  4862 ||  7443
